 Dungeon Crawl Stone Soup version 0.29.1-12-g30fa7ad0bf (webtiles) character file.

Game seed: 13944306831468784230

3966 H0rd4k the Martial Artist (level 10, 0/70 (71) HPs)
             Began as an Octopode Artificer on Dec 21, 2022.
             Was an Initiate of Gozag.
             Slain by a gnoll
             ... wielding a +0 spear
             ... led by a gnoll sergeant
              (5 damage)
             ... on level 9 of the Dungeon on Dec 22, 2022.
             The game lasted 00:12:25 (11976 turns).

H0rd4k the Martial Artist (Octopode Artificer)     Turns: 11976, Time: 00:12:27

HP:   0/70 (71)     AC:  1    Str: 18    XL:     10   Next: 22%
MP:   18/18         EV: 17    Int: 18    God:    Gozag
Gold: 561           SH:  0    Dex: 12    Spells: 20/20 levels left

rFire   . . .      SeeInvis .     - Unarmed
rCold   + . .      Faith    .   (no shield)
rNeg    . . .      Spirit   .   (helmet restricted)
rPois   .          Reflect  .   A - amulet of magic regeneration
rElec   .          Harm     .   p - ring of wizardry
rCorr   .          Rampage  .   r - ring of ice
Will    .....                   y - +4 ring of evasion
Stlth   +++.......              D - ring of protection from fire
HPRegen 0.21/turn               F - +6 ring of strength
MPRegen 0.56/turn               (no ring)
                                (no ring)
                                (no ring)

@: lightly drained
A: almost no armour, amphibious, 8 rings, camouflage 1, gelatinous body 1,
(nimble swimmer 1), tentacles
a: Renounce Religion, Potion Petition, Call Merchant, Bribe Branch


You were on level 9 of the Dungeon.
You worshipped Gozag.
Gozag was pleased with you.
You visited 2 branches of the dungeon, and saw 10 of its levels.

You collected 763 gold pieces.
You paid 202 gold pieces to Gozag.

Inventory:

Missiles
 m - 16 poisoned darts
Magical Staves
 v - a staff of earth
Jewellery
 p - a ring of wizardry (left tentacle)
 r - a ring of ice (right tentacle)
 y - a +4 ring of evasion (on tentacle)
 A - an amulet of magic regeneration (around mantle)
 D - a ring of protection from fire (on tentacle)
 F - a +6 ring of strength (on tentacle)
Wands
 c - a wand of digging (7)
 d - a wand of iceblast (22) (quivered)
 C - a wand of polymorph (7)
Scrolls
 e - 6 scrolls of identify {unknown}
 g - a scroll of poison {unknown}
 h - 2 scrolls of noise {unknown}
 i - 4 scrolls of magic mapping {unknown}
 k - 5 scrolls of fear {unknown}
 n - 3 scrolls of amnesia {unknown}
 s - 5 scrolls of teleportation {unknown}
 t - 5 scrolls of enchant armour {unknown}
 u - a scroll of torment {unknown}
 B - a scroll of vulnerability {unknown}
 E - 2 scrolls of enchant weapon {unknown}
 G - 3 scrolls of immolation {unknown}
 H - a scroll of acquirement {unknown}
 I - a scroll of butterflies {unknown}
Potions
 a - 2 potions of heal wounds
 b - a potion of attraction {unknown}
 f - 2 potions of might {unknown}
 j - 2 potions of ambrosia {unknown}
 l - 2 potions of haste
 o - a potion of mutation {unknown}
 q - a potion of lignification {unknown}
 w - 2 potions of berserk rage
 x - 2 potions of flight {unknown}
 z - 3 potions of curing


   Skills:
 * Level 7.5 Fighting
 - Level 2.3 Dodging
 - Level 1.3 Stealth
 + Level 10.5 Unarmed Combat
 * Level 5.7 Spellcasting
 - Level 3.2 Evocations


You had 20 spell levels left.
You didn't know any spells.
Your spell library contained the following spells:

 Spells                   Type           Power      Damage    Failure   Level
 Apportation              Tloc           10%        N/A       4%          1
 Foxfire                  Conj/Fire      20%        2x1d5     4%          1
 Ensorcelled Hibernation  Hex/Ice        14%        N/A       8%          2
 Passwall                 Tmut/Erth      4%         N/A       8%          2
 Conjure Flame            Conj/Fire      5%         6-21      16%         3
 Gell's Gravitas          Tloc           5%         N/A       16%         3
 Inner Flame              Hex/Fire       5%         N/A       16%         3
 Swiftness                Air            5%         N/A       16%         3
 Teleport Other           Tloc           5%         N/A       16%         3
 Flame Wave               Conj/Fire      5%         2d5       43%         4
 Fulminant Prism          Conj/Hex       2%         3d6       43%         4
 Iskenderun's Mystic Bla  Conj/Tloc      5%         2d3       43%         4
 Petrify                  Tmut/Erth      5%         N/A       43%         4
 Alistair's Intoxication  Tmut/Pois      3%         N/A       77%         5
 Lee's Rapid Deconstruct  Erth           2%         3d6*      77%         5
 Metabolic Englaciation   Hex/Ice        3%         N/A       77%         5
 Dispersal                Tloc           2%         N/A       99%         6
 Statue Form              Tmut/Erth      3%         N/A       99%         6


Dungeon Overview and Level Annotations

Branches:
Dungeon (9/15)             Temple (1/1) D:6
   Lair: D:8-11         Orc: D:9-12

Altars:
Ashenzari
Cheibriados
Dithmenos
Elyvilon
Fedhas
Gozag
Hepliaklqana
Kikubaaqudgha
Makhleb
Nemelex Xobeh
Okawaru
Qazlal
Ru
Sif Muna
Trog
Uskayaw
Vehumet
Wu Jian
Xom
Yredelemnul
Zin
The Shining One

Shops:
D:2 [   D:4 (?[*(

Annotations:
D:2 1 runed translucent door, exclusion: door, Crazy Yiuf
D:3 2 transporters, LaMa's ghost, amateur MfGl
D:6 exclusion: downstairs
D:8 exclusion: downstairs


Innate Abilities, Weirdness & Mutations

You cannot wear most types of armour.
You are amphibious.
You can wear up to eight rings at the same time.
Your skin changes colour to match your surroundings (Stealth+).
Your rubbery body absorbs attacks. (AC +1, EV +1)
((You are camouflaged when in or above water. (Stealth+)))
You have tentacles for arms and can constrict up to eight enemies at once.


Message History

The gnoll shouts!
You hear a shout!
There are monsters nearby!
A gnoll comes into view. It is wielding a +0 spear.
A gnoll sergeant comes into view. It is wielding a +1 vampiric spear.
The gnoll moves out of view.
The gnoll shouts!
A gnoll comes into view. It is wielding a +0 spear.
The gnoll sergeant hits you from afar with a +1 vampiric spear!
The gnoll hits you with a +0 halberd! The gnoll barely misses you.
The gnoll shouts!
The gnoll attacks as you move away! The gnoll closely misses you.
The gnoll sergeant closely misses you. The gnoll completely misses you.
The gnoll misses you. The gnoll closely misses you.
The gnoll barely misses you.
You bludgeon the gnoll sergeant! You grab the gnoll sergeant.
The gnoll sergeant is heavily wounded.
You constrict the gnoll sergeant. You barely miss the gnoll sergeant.
The gnoll sergeant is heavily wounded.
You constrict the gnoll sergeant.
The gnoll sergeant hits you with a +1 vampiric spear!
The gnoll sergeant draws strength from your wounds!
The gnoll completely misses you.
The gnoll hits you from afar with a +0 halberd!
* * * LOW HITPOINT WARNING * * *
The gnoll misses you. The gnoll barely misses you.
You release your grip on the gnoll sergeant.
The gnoll sergeant attacks as you move away!
The gnoll sergeant closely misses you. The gnoll attacks as you move away!
The gnoll hits you with a +0 spear.
* * * LOW HITPOINT WARNING * * *
The gnoll sergeant misses you. The gnoll misses you.
The gnoll closely misses you.
You open the door. The gnoll sergeant barely misses you.
The gnoll hits you from afar with a +0 spear!
* * * LOW HITPOINT WARNING * * *
The gnoll barely misses you.
The gnoll hits you from afar with a +0 spear.
You die...
Your body crumbles into a pile of gold.

#.$....# #... . #......#
#... .. #......# #...
...#####......########...
............?............
..........$..............
......gg.g...............
......g..................
......g.@................
########'#####'#########'
.........................
.........................
.....[...................
.........................
.........................
.........................
.......[.................


You could see a gnoll sergeant and 4 gnolls.

Vanquished Creatures
  A wyvern (D:8)
  2 yaks
  A wraith (D:9)
  2 steam dragons
  An acid dragon (D:8)
  A water moccasin (D:9)
  A black bear (D:5)
  4 orc warriors
  A sky beast (D:7)
  2 ogres
  A centaur (D:8)
  A phantom (D:4)
  3 kobold brigands
  3 bullfrogs
  3 scorpions
  5 wights
  8 killer bees
  2 howler monkeys (D:7)
  3 jellies
  3 hounds (D:4)
  2 orc priests
  A gnoll bouda (D:8)
  3 iguanas
  2 orc wizards
  4 gnolls
  6 adders
  A shadow imp (D:8)
  A white imp (D:5)
  2 ufetubi
  A worm (D:3)
  2 dart slugs
  31 orcs
  3 ball pythons
  5 bats
  5 endoplasms
  2 giant cockroaches
  2 goblins
  2 hobgoblins (D:2)
  2 jackals (D:1)
  17 kobolds
  2 quokkas
  3 frilled lizards
  5 rats
152 creatures vanquished.

Vanquished Creatures (collateral kills)
  A killer bee (D:7)
  5 gnolls (D:7)
  2 adders (D:5)
  4 orcs (D:7)
12 creatures vanquished.

Vanquished Creatures (others)
  An ice beast (D:5)
  A bullfrog (D:7)
  A gnoll sergeant (D:7)
  3 killer bees (D:7)
  An orc priest (D:4)
  A jelly (D:5)
  A fungus (D:1)
  A plant (D:1)
  4 toadstools (D:1)
14 creatures vanquished.

Grand Total: 178 creatures vanquished

Notes
Turn   | Place    | Note
-------+----------+-------------------------------------------
     0 | D:1      | H0rd4k the Octopode Artificer began the quest for the Orb.
     0 | D:1      | Reached XP level 1. HP: 13/13 MP: 1/1
   435 | D:1      | Reached XP level 2. HP: 15/18 MP: 1/3
   479 | D:1      | Reached skill level 1 in Spellcasting
  1069 | D:1      | Found a faded altar of an unknown god.
  1410 | D:2      | Reached XP level 3. HP: 9/24 MP: 3/5
  1684 | D:2      | Reached skill level 1 in Unarmed Combat
  2015 | D:2      | Found Suzap's Armour Shop.
  2023 | D:2      | Reached XP level 4. HP: 26/29 MP: 6/6
  2434 | D:2      | Found a runed translucent door.
  2435 | D:2      | Noticed Crazy Yiuf
  2725 | D:3      | Noticed LaMa's ghost (amateur MfGl)
  2726 | D:3      | Found a transporter.
  2743 | D:3      | Found a hazy altar of Hepliaklqana.
  2765 | D:3      | Noticed an ogre
  2765 | D:3      | Noticed an ogre
  2770 | D:3      | Found a transporter.
  2923 | D:3      | Reached skill level 2 in Unarmed Combat
  3562 | D:3      | Reached XP level 5. HP: 31/35 MP: 8/8
  3909 | D:4      | Found Jexexkupn's General Store.
  3940 | D:4      | Noticed an ogre
  3948 | D:4      | Killed an ogre
  3949 | D:4      | Reached skill level 3 in Unarmed Combat
  3949 | D:4      | Reached XP level 6. HP: 42/42 MP: 8/10
  4003 | D:4      | Found Kiur's Antique Weapon Emporium.
  4154 | D:4      | Reached skill level 4 in Unarmed Combat
  4406 | D:4      | Found Ceeguq's Antique Weapon Shoppe.
  4514 | D:4      | Found Qusubb's Magic Scroll Emporium.
  4520 | D:4      | Found Docucke's Antique Armour Emporium.
  4851 | D:5      | Entered Level 5 of the Dungeon
  4851 | D:5      | Noticed an ice beast
  4872 | D:5      | Found an iron altar of Okawaru.
  5124 | D:5      | Found a sparkling altar of Nemelex Xobeh.
  5190 | D:5      | Reached XP level 7. HP: 13/47 MP: 11/11
  5196 | D:4      | HP: 2/47 [hound (4)]
  5383 | D:5      | Reached skill level 5 in Unarmed Combat
  6306 | D:6      | Reached XP level 8. HP: 51/54 MP: 13/13
  6342 | D:6      | Reached skill level 6 in Unarmed Combat
  6433 | D:6      | Found a staircase to the Ecumenical Temple.
  7347 | D:6      | Reached skill level 5 in Fighting
  7847 | D:6      | Reached skill level 7 in Unarmed Combat
  8281 | D:7      | Reached XP level 9. HP: 30/62 MP: 15/15
  8503 | D:7      | HP: 1/62 [kobold brigand/+0 whip (7)]
  8657 | D:7      | Reached skill level 8 in Unarmed Combat
  8780 | D:7      | HP: 3/62 [something/puff of flame (7)]
  9354 | D:8      | Reached skill level 9 in Unarmed Combat
  9354 | D:8      | Reached skill level 5 in Spellcasting
  9532 | D:8      | Found Asa Sayrr's Jewellery Boutique.
 10429 | Temple   | Entered the Ecumenical Temple
 10429 | Temple   | Found a transporter.
 10429 | Temple   | Found a transporter.
 10431 | Temple   | Found a transporter.
 10431 | Temple   | Found a transporter.
 10457 | Temple   | Became a worshipper of Gozag Ym Sagoz the Greedy
 10691 | D:9      | Reached skill level 10 in Unarmed Combat
 10691 | D:9      | Reached XP level 10. HP: 40/71 MP: 18/18
 11976 | D:9      | Slain by a gnoll

Illustrated notes

Levels and vault maps discovered:
D:1:      dpeg_arrival_arbitrary_c, layout_loops_ring,
          shapermc_ecumenical_altar_petra, minmay_misc_feat_nine_boxes,
          minmay_gold_behind_fungi, dreamdust_wishing_well
D:2:      layout_basic, serial_shops, nicolae_square_shop, bh_walls_and_bars,
          uniq_crazy_yiuf_cottage
D:3:      layout_loops_ring, marbit_many_paths, gammafunk_ghost_smash
D:4:      layout_loops_ring, serial_shops, shop, nicolae_shop_behind_doors,
          nicolae_diamond_shop, nicolae_shop_competitors_out_of_business,
          nicolae_shop_hallway_plus
D:5:      layout_rooms, nicolae_overflow_squiral
D:6:      layout_gridville, minmay_temple_entry_antechambers, patterned_corridor
D:7:      layout_cave_pools, chequers_garden
D:8:      layout_basic, serial_shops, shop, grunt_ministairs_8, st_stairs_6,
          dk_noncrumbling_4
D:9:      layout_gridville
Temple:   hellmonk_temple_divided_pantheon

Skill      XL: |  1  2  3  4  5  6  7  8  9 |
---------------+----------------------------+-----
Spellcasting   | 1 2 3 4 5 |  5.7
Fighting       | 2 3 4 5 7 |  7.5
Unarmed Combat | 1 2 3 4 5 7 10 | 10.5
Dodging        | |  2.3
Stealth        | |  1.3
Evocations     | |  3.2

Action                   |  1- 3 |  4- 6 |  7- 9 | 10-12 || total
-------------------------+-------+-------+-------+-------++-------
Melee: Unarmed           |    85 |   105 |   209 |    42 ||   441
       Tentacles         |    18 |    23 |    52 |    10 ||   103
       Constrict         |    17 |    18 |    47 |    10 ||    92
       Punch             |     1 |     4 |    15 |     4 ||    24
Evoke: Wand              |       |    19 |    26 |     2 ||    47
  Use: Potion            |     1 |       |     3 |       ||     4
 Stab: Sleeping          |     8 |     9 |     5 |       ||    22
       Distracted        |       |       |       |     1 ||     1
Armor: Skin              |    13 |     4 |     3 |     1 ||    21
Dodge: Dodged            |    54 |    56 |   162 |    46 ||   318
